 Dungeon Crawl Stone Soup version 0.31-a0-192-ga50d7bf3bb (webtiles) character file.

Game seed: 3199380721540758082

78934 qw the Markself (level 15, -14/95 HPs)
             Began as a Deep Elf Hunter on June 23, 2023.
             Was a High Priest of Okawaru.
             Killed from afar by Roxanne (57 damage)
             ... with a crystal spear
             ... on level 14 of the Dungeon.
             The game lasted 00:08:36 (16078 turns).

qw the Markself (Deep Elf Hunter)                  Turns: 16078, Time: 00:08:36

Health: -14/95     AC: 28    Str: 13    XL:     15   Next: 19%
Magic:  19/24      EV: 23    Int: 16    God:    Okawaru [*****.]
Gold:   960        SH:  0    Dex: 22    Spells: 14/14 levels left

rFire   . . .        r - +4 longbow (elec)
rCold   . . .        (shield currently unavailable)
rNeg    . . .        a - +6 scale mail "Wiycu Qei" {rElec Regen+ Str+3}
rPois   +            p - +1 hat {Will+}
rElec   +            o - +1 cloak {Stlth+}
rCorr   .            n - +0 pair of gloves
SInv    +            i - +2 pair of boots
Will    ++...        e - amulet of faith
Stlth   +++          s - +4 ring of protection
HPRegen 1.15/turn    u - ring of see invisible
MPRegen 0.19/turn

%: faith
@: heroic, finesse-ful
A: passive freeze, poison resistance
a: Renounce Religion, Heroism, Finesse, Duel


You were on level 14 of the Dungeon.
You worshipped Okawaru.
Okawaru was extremely pleased with you.
You visited 3 branches of the dungeon, and saw 20 of its levels.
You also visited: Ossuary.

You collected 1221 gold pieces.
You spent 261 gold pieces at shops.


Innate Abilities, Weirdness & Mutations

A frigid envelope surrounds you and freezes all who hurt you.
Your system is resistant to poisons. (rPois)


   Skills:
 + Level 11.5(16.5) Fighting
 - Level 20.0(25.0) Ranged Weapons
 - Level 8.0(13.0) Armour
 - Level 16.1(21.1) Dodging
 - Level 1.2(6.2) Stealth
 - Level 10.0 Invocations


You had 14 spell levels left.
You didn't know any spells.
Your spell library was empty.

Inventory:

Hand Weapons
 r - a +4 longbow of electrocution (weapon)
Armour
 a - the +6 scale mail "Wiycu Qei" (worn) {rElec Regen+ Str+3}
   (You found it on level 2 of the Dungeon)

   Str:       It affects your strength (+3).
   rElec:     It insulates you from electricity.
   Regen:     It increases your rate of health regeneration.
 b - a +2 hat
 i - a +2 pair of boots (worn)
 n - a +0 pair of gloves (worn)
 o - a +1 cloak of stealth (worn)
 p - a +1 hat of willpower (worn)
Jewellery
 e - an amulet of faith (around neck)
 s - a +4 ring of protection (left hand)
 u - a ring of see invisible (right hand)
 Y - a +6 ring of strength
Scrolls
 h - 9 scrolls of teleportation
 k - 11 scrolls of identify
Potions
 c - 3 potions of curing
 d - 3 potions of heal wounds
 f - 4 potions of mutation
 g - a potion of haste
 j - a potion of resistance
 l - 2 potions of magic
 m - 6 potions of might
 q - a potion of cancellation
 t - 2 potions of enlightenment

Dungeon Overview and Level Annotations

Branches:
Dungeon (14/15)            Temple (1/1) D:6            Lair (5/5) D:11
  Swamp (0/4) Lair:3        Snake (0/4) Lair:2        Slime (0/5) Lair:5
    Orc (0/2) D:12         Vaults (0/5) D:13        Ossuary (visited)

Altars:
Ashenzari
Cheibriados
Dithmenos
Elyvilon
Fedhas
Gozag
Hepliaklqana
Kikubaaqudgha
Makhleb
Nemelex Xobeh
Okawaru
Qazlal
Ru
Sif Muna
Trog
Uskayaw
Vehumet
Wu Jian
Xom
Yredelemnul
Zin
The Shining One
Jiyva
Lugonu

Shops:
D:1 =   D:7 :(   D:11 =

Portals:
Abyss: Lair:5

Annotations:
D:10 2 transporters, 2 runed translucent doors, qw's ghost, journeyman DEHu
D:14 Roxanne
Lair:5 1 runed translucent door


Message History

The arrow hits Roxanne but does no damage.
Roxanne is moderately damaged.
Roxanne casts a spell.
You blink.
Found a stone staircase leading down.
Enter note:
Enter note:
Enter note: You shoot an arrow.
The arrow hits Roxanne but does no damage.
Roxanne is moderately damaged.
You shoot an arrow.
The arrow hits Roxanne but does no damage.
Roxanne is moderately damaged.
You shoot an arrow.
The arrow hits Roxanne but does no damage.
Roxanne is moderately damaged.
You shoot an arrow.
The arrow hits Roxanne but does no damage.
Roxanne is moderately damaged.
You shoot an arrow. The arrow hits Roxanne!!
Roxanne is moderately damaged.
You shoot an arrow. The arrow hits Roxanne.
Roxanne is moderately damaged.
You shoot an arrow. The arrow hits Roxanne!!
Roxanne is heavily damaged.
You shoot an arrow. The arrow hits Roxanne!!
Roxanne is severely damaged.
You shoot an arrow. The arrow hits Roxanne!!
Roxanne is almost destroyed.
Roxanne mumbles some strange words.
The crystal spear hits you!!!
Ouch! That really hurt!
You shoot an arrow. The arrow hits Roxanne!
Roxanne is almost destroyed.
You shoot an arrow. The arrow hits Roxanne.
Roxanne is almost destroyed.
Roxanne mumbles some strange words.
The crystal spear hits you!!!
Ouch! That really hurt!
You die...

.##.#.######.#.###.#
#.##### .##.#.#
#....#.#########.#
#.#.#.#
#####..#.........#
....#.#
#..#.#########
....#.# #..#.#
....#.# #..#.#
#...#.# ##..#.#
#..##.#
######...#.###. #..#
.......@.%$....#
#..#
......8..#.#####
#..# #.##.....#.#
#.#. #..#.....
#..#.##.. ..>..##=.
##..#.##..# .. #.#
.#


You could see Roxanne.

Vanquished Creatures
  Rupert (Lair:3)
  A vault guard (D:13)
  A death knight (D:12)
  5 hydras
  2 boulder beetles
  An alligator (Lair:3)
  4 two-headed ogres
  Urug (D:11)
  5 death yaks
  3 thrashing horrors (Lair:5)
  2 fire crabs (Lair:3)
  A skyshark (Lair:2)
  2 wizards (D:13)
  A lindwurm (Lair:5)
  2 necromancers (D:13)
  11 ugly things
  Pikel (D:6)
  3 manticores
  3 cyclopes
  4 black mambas
  9 elephants
  Maggie (D:6)
  A smoke demon (Lair:5)
  3 torpor snails
  3 gargoyles
  12 cane toads
  3 unseen horrors
  8 rime drakes
  2 kobold demonologists (D:11)
  A rime drake (shapeshifter) (D:13)
  11 komodo dragons
  An ancient zyme (Lair:5)
  3 meliai (D:13)
  6 polar bears
  3 trolls
  A raiju (shapeshifter) (D:14)
  33 blink frogs
  A hornet (Lair:3)
  5 dream sheep (Lair:3)
  8 slime creatures
  3 ynoxinuls (Lair:5)
  2 shadows
  2 spriggans
  6 wyverns
  A vampire (D:13)
  34 yaks
  2 wraiths
  20 humans (D:13)
  10 basilisks
  Eustachio (D:6)
  4 steam dragons
  A redback simulacrum (D:14)
  3 chaos spawn (Lair:5)
  15 vampire mosquitoes
  Menkaure (D:7)
  3 nagas (Lair:2)
  4 acid dragons
  16 water moccasins
  Duvessa (D:5)
  5 orc warriors
  A sky beast (D:7)
  7 black bears
  6 ice beasts
  5 ogres (D:11)
  14 wolves
  4 centaurs
  9 small abominations (Lair:5)
  6 kobold brigands
  A gnoll sergeant (D:6)
  14 bullfrogs
  2 scorpions
  13 wights
  Dowan (D:5)
  4 killer bees (D:9)
  3 howler monkeys
  3 electric eels
  4 gnoll boudas (D:11)
  2 jellies
  4 hounds
  9 orc priests
  5 iguanas
  A sleepcap (D:8)
  Terence (D:3)
  11 orc wizards
  A hell rat (Lair:3)
  A mummy (Ossuary)
  9 adders
  26 gnolls
  2 shadow imps
  3 white imps
  An ufetubus (D:7)
  2 worms
  44 orcs
  A spectral bat (Ossuary)
  4 bats
  10 endoplasms
  3 giant cockroaches
  8 goblins
  11 hobgoblins
  2 jackals (D:4)
  15 kobolds
  5 quokkas
  9 ball pythons
  6 bat simulacra (Ossuary)
  2 frilled lizards
  12 gnoll zombies (Ossuary)
  3 goblin simulacra (Ossuary)
  A goblin zombie (Ossuary)
  5 hobgoblin zombies (Ossuary)
  A kobold simulacrum (Ossuary)
  6 kobold zombies (Ossuary)
  6 orc zombies (Ossuary)
  4 rats
  2 rat simulacra (Ossuary)
  2 spectral goblins (Ossuary)
  3 spectral kobolds (Ossuary)
  A spectral rat (Ossuary)
644 creatures vanquished.

Vanquished Creatures (others)
  A shadow imp (D:6)
1 creature vanquished.

Grand Total: 645 creatures vanquished

Notes
Turn   | Place    | Note
-------+----------+-------------------------------------------
     0 | D:1      | qw the Deep Elf Hunter began the quest for the Orb.
     0 | D:1      | Reached XP level 1. HP: 12/12 MP: 3/3
     0 | D:1      | 0 ||| qw: Version: 0.3-a-9-g12657ce
     0 | D:1      | 0 ||| qw: Game counter: 4577
     0 | D:1      | 0 ||| qw: Always use a shield: true
     0 | D:1      | 0 ||| qw: God list: Okawaru
     0 | D:1      | 0 ||| qw: Allow faded altars: false
     0 | D:1      | 0 ||| qw: Do Orc after D:15 true
     0 | D:1      | 0 ||| qw: Do second Lair branch before Depths: true
     0 | D:1      | 0 ||| qw: Lair rune preference: random
     0 | D:1      | 0 ||| qw: Plans: Normal
     0 | D:1      | 0 ||| PLANNING D:1-11
   130 | D:1      | Reached XP level 2. HP: 16/16 MP: 4/4
   143 | D:1      | Reached skill level 6 in Ranged Weapons
   179 | D:1      | Found a faded altar of an unknown god.
   399 | D:1      | Found Quintich's Jewellery Boutique.
   402 | D:1      | 402 ||| SHOPLISTING amulet of regeneration (330 gold, have
                  | 10).
   402 | D:1      | 402 ||| SHOPLISTING amulet of the acrobat (330 gold, have
                  | 10).
   402 | D:1      | 402 ||| SHOPLISTING ring of fire (275 gold, have 10).
   402 | D:1      | 402 ||| SHOPLISTING ring of ice (275 gold, have 10).
   402 | D:1      | 402 ||| SHOPLISTING ring of see invisible (165 gold, have
                  | 10).
   402 | D:1      | 402 ||| SHOPLISTING ring of willpower (275 gold, have 10).
   511 | D:1      | Reached XP level 3. HP: 17/20 MP: 5/5
   682 | D:1      | 682 ||| UPGRADING to ring of resist corrosion.
   683 | D:1      | 683 ||| READING scroll labelled XAF ASUQETHA.
   684 | D:1      | 684 ||| DRINKING 3 inky potions.
   684 | D:1      | Gained mutation: Your system is resistant to poisons.
                  | (rPois) [potion of mutation]
   684 | D:1      | Gained mutation: A frigid envelope surrounds you and
                  | freezes all who hurt you. [potion of mutation]
   685 | D:1      | 685 ||| DROPPING scroll of butterflies.
   698 | D:2      | Reached skill level 7 in Ranged Weapons
   698 | D:2      | 698 ||| STAIRDANCE
   785 | D:2      | Identified the +6 scale mail "Wiycu Qei" {rElec Regen+
                  | Str+3}
   955 | D:2      | 955 ||| READING scroll of enchant weapon.
   955 | D:2      | 955 ||| ENCHANTING +1 shortbow.
  1059 | D:2      | Reached XP level 4. HP: 25/25 MP: 6/6
  1420 | D:2      | 1420 ||| UPGRADING to +6 scale mail "Wiycu Qei" {rElec
                  | Regen+ Str+3}.
  1430 | D:2      | 1430 ||| DROPPING +0 leather armour.
  1431 | D:2      | 1431 ||| UPGRADING to +0 helmet.
  1436 | D:2      | 1436 ||| READING scroll labelled MUFAOK HIDAG.
  1437 | D:2      | 1437 ||| READING scroll labelled ENOSOPRIUVI.
  1438 | D:2      | 1438 ||| READING 2 scrolls labelled NUNYRGH TOMOA.
  1719 | D:3      | Found a shadowy altar of Dithmenos.
  1803 | D:3      | Noticed Terence
  1808 | D:3      | Killed Terence
  1809 | D:3      | Reached skill level 8 in Ranged Weapons
  2270 | D:3      | 2270 ||| UPGRADING to +0 pair of gloves.
  2275 | D:3      | 2275 ||| READING scroll labelled ELILOUNIYL.
  2276 | D:3      | 2276 ||| READING scroll labelled EVEAVEANTI.
  2338 | D:4      | Reached skill level 1 in Armour
  2338 | D:4      | Reached XP level 5. HP: 25/29 MP: 7/7
  2338 | D:4      | 2338 ||| STAIRDANCE
  2408 | D:4      | 2408 ||| READING scroll of enchant weapon.
  2408 | D:4      | 2408 ||| ENCHANTING +2 shortbow.
  2548 | D:4      | Reached skill level 9 in Ranged Weapons
  2554 | D:4      | Reached XP level 6. HP: 35/35 MP: 8/8
  2645 | D:4      | Found a glowing silver altar of Zin.
  2661 | D:4      | Found a blossoming altar of Fedhas.
  2825 | D:4      | 2825 ||| READING scroll labelled KATHAO FOUHIMM.
  2826 | D:4      | 2826 ||| DRINKING 2 coppery potions.
  2827 | D:4      | 2827 ||| READING 3 scrolls of identify.
  2827 | D:4      | 2827 ||| IDENTIFYING smoky brown potion
  2828 | D:4      | 2828 ||| READING 2 scrolls of identify.
  2828 | D:4      | 2828 ||| IDENTIFYING green potion
  2829 | D:4      | 2829 ||| DROPPING potion of magic.
  2846 | D:5      | Entered Level 5 of the Dungeon
  2847 | D:5      | 2847 ||| PLANNING OSSUARY
  2932 | D:5      | Reached skill level 10 in Ranged Weapons
  3018 | D:5      | 3018 ||| DRINKING potion of curing.
  3018 | D:5      | 3018 ||| (to cure confusion)
  3022 | D:5      | Reached skill level 3 in Dodging
  3022 | D:5      | 3022 ||| FLEEEEING.
  3023 | D:5      | 3023 ||| FLEEEEING.
  3024 | D:5      | 3024 ||| FLEEEEING.
  3032 | D:5      | Reached XP level 7. HP: 40/40 MP: 9/9
  3049 | D:5      | Found a sand-covered staircase.
  3050 | D:5      | 3050 ||| UPGRADING to +2 hat.
  3060 | D:5      | 3060 ||| DROPPING +0 helmet.
  3079 | Ossuary  | Entered an ossuary
  3198 | Ossuary  | 3198 ||| FLEEEEING.
  3199 | Ossuary  | 3199 ||| FLEEEEING.
  3482 | Ossuary  | 3482 ||| READING scroll labelled FYP ZIPPETZ.
  3486 | Ossuary  | 3486 ||| DRINKING 2 murky inky potions.
  3521 | Ossuary  | 3521 ||| DRINKING 2 murky coppery potions.
  3522 | Ossuary  | 3522 ||| DRINKING 2 sedimented inky potions.
  3523 | Ossuary  | 3523 ||| READING 3 scrolls of identify.
  3523 | Ossuary  | 3523 ||| IDENTIFYING fizzy white potion
  3524 | Ossuary  | 3524 ||| READING 2 scrolls of identify.
  3524 | Ossuary  | 3524 ||| IDENTIFYING bubbling coppery potion
  3525 | Ossuary  | 3525 ||| DROPPING potion of lignification.
  3526 | Ossuary  | 3526 ||| DROPPING potion of degeneration.
  3527 | Ossuary  | 3527 ||| DROPPING potion of attraction.
  3568 | D:5      | 3568 ||| PLANNING D:1-11
  3598 | D:5      | Noticed Dowan
  3599 | D:5      | Noticed Duvessa
  3609 | D:5      | Killed Duvessa
  3610 | D:5      | Reached skill level 11 in Ranged Weapons
  3615 | D:5      | Killed Dowan
  3807 | D:5      | Reached skill level 12 in Ranged Weapons
  4106 | D:5      | 4106 ||| UPGRADING to +2 pair of boots.
  4111 | D:5      | 4111 ||| READING 2 scrolls of identify.
  4111 | D:5      | 4111 ||| IDENTIFYING emerald potion
  4112 | D:5      | 4112 ||| DROPPING potion of berserk rage.
  4140 | D:6      | Found a white marble altar of Elyvilon.
  4202 | D:6      | Reached skill level 3 in Fighting
  4288 | D:6      | Reached XP level 8. HP: 46/46 MP: 10/10
  4359 | D:6      | 4359 ||| Stepping ~*~*~tactically~*~*~ (outnumbered).
  4361 | D:6      | 4361 ||| Stepping ~*~*~tactically~*~*~ (outnumbered).
  4374 | D:6      | HP: 11/46 [gnoll/+0 spear[a gnoll sergeant] (4)]
  4375 | D:6      | 4375 ||| READING 2 scrolls of teleportation.
  4376 | D:6      | 4376 ||| DRINKING 3 potions of heal wounds.
  4394 | D:6      | 4394 ||| Stepping ~*~*~tactically~*~*~ (outnumbered).
  4487 | D:6      | Noticed Pikel
  4493 | D:6      | Killed Pikel
  4494 | D:6      | Reached skill level 14 in Ranged Weapons
  4538 | D:6      | 4538 ||| Stepping ~*~*~tactically~*~*~ (outnumbered).
  4593 | D:6      | Noticed Maggie
  4605 | D:6      | HP: 4/46 [Maggie/bolt of fire (25)]
  4606 | D:6      | 4606 ||| READING scroll of teleportation.
  4606 | D:6      | Killed Maggie
  4607 | D:6      | Reached XP level 9. HP: 6/52 MP: 11/11
  4719 | D:6      | Found a staircase to the Ecumenical Temple.
  4720 | D:6      | 4720 ||| PLANNING TEMPLE
  4720 | D:6      | 4720 ||| DRINKING 2 murky purple potions.
  4722 | D:6      | 4722 ||| DROPPING potion of brilliance.
  4729 | D:6      | 4729 ||| Stepping ~*~*~tactically~*~*~ (outnumbered).
  4730 | D:6      | Noticed Eustachio
  4732 | D:6      | 4732 ||| Stepping ~*~*~tactically~*~*~ (outnumbered).
  4753 | D:6      | Killed Eustachio
  4754 | D:6      | Reached skill level 6 in Dodging
  4777 | Temple   | Entered the Ecumenical Temple
  4782 | Temple   | 4782 ||| PLANNING OKAWARU WORSHIP
  4855 | Temple   | Became a worshipper of Warmaster Okawaru
  4856 | Temple   | 4856 ||| PLANNING D:1-11
  5070 | D:6      | 5070 ||| READING scroll labelled TOEDWO VIELON.
  5146 | D:7      | Found Nega's Weapon Shop.
  5152 | D:7      | 5152 ||| BUYING +2 heavy shortbow (261 gold).
  5152 | D:7      | Bought a +2 heavy shortbow for 261 gold pieces
  5152 | D:7      | 5152 ||| SWAPPING to +2 heavy shortbow.
  5153 | D:7      | 5153 ||| DROPPING +3 shortbow.
  5363 | D:7      | Found a hide-covered altar of Uskayaw.
  5413 | D:7      | 5413 ||| Stepping ~*~*~tactically~*~*~ (outnumbered).
  5415 | D:7      | 5415 ||| Stepping ~*~*~tactically~*~*~ (outnumbered).
  5452 | D:7      | 5452 ||| Stepping ~*~*~tactically~*~*~ (cloud).
  5458 | D:7      | 5458 ||| Stepping ~*~*~tactically~*~*~ (outnumbered).
  5470 | D:7      | Reached * piety under Okawaru
  5492 | D:7      | Reached skill level 1 in Invocations
  5493 | D:7      | 5493 ||| INVOKING Heroism.
  5498 | D:7      | Reached skill level 3 in Armour
  5533 | D:7      | 5533 ||| SWAPPING to +2 longbow of electrocution.
  5534 | D:7      | 5534 ||| DROPPING +2 heavy shortbow.
  5567 | D:7      | Reached skill level 3 in Invocations
  5693 | D:7      | Noticed Menkaure
  5694 | D:7      | 5694 ||| INVOKING Heroism.
  5696 | D:7      | Killed Menkaure
  5763 | D:7      | Found Hocisokk's Book Shoppe.
  5820 | D:7      | 5820 ||| INVOKING Heroism.
  5826 | D:7      | Reached XP level 10. HP: 59/59 MP: 11/14
  5989 | D:8      | 5989 ||| INVOKING Heroism.
  5999 | D:8      | Reached skill level 15 in Ranged Weapons
  6162 | D:8      | Noticed a two-headed ogre
  6163 | D:8      | 6163 ||| INVOKING Heroism.
  6168 | D:8      | Killed a two-headed ogre
  6175 | D:8      | Reached ** piety under Okawaru
  6176 | D:8      | Reached skill level 16 in Ranged Weapons
  6269 | D:8      | Found a broken altar of Ashenzari.
  6337 | D:8      | 6337 ||| Stepping ~*~*~tactically~*~*~ (outnumbered).
  6383 | D:8      | 6383 ||| UPGRADING to amulet of faith.
  6388 | D:8      | 6388 ||| READING scroll labelled WILAGO ESOIPP.
  6518 | D:9      | Noticed a two-headed ogre
  6519 | D:9      | 6519 ||| INVOKING Heroism.
  6524 | D:9      | Killed a two-headed ogre
  6541 | D:9      | 6541 ||| INVOKING Heroism.
  6605 | D:9      | 6605 ||| INVOKING Heroism.
  6607 | D:9      | Reached skill level 17 in Ranged Weapons
  6655 | D:9      | 6655 ||| Stepping ~*~*~tactically~*~*~ (outnumbered).
  6658 | D:9      | 6658 ||| Stepping ~*~*~tactically~*~*~ (outnumbered).
  6856 | D:9      | Reached *** piety under Okawaru
  6901 | D:9      | 6901 ||| FLEEEEING.
  6902 | D:9      | 6902 ||| FLEEEEING.
  6903 | D:9      | 6903 ||| FLEEEEING.
  6904 | D:9      | 6904 ||| FLEEEEING.
  6905 | D:9      | 6905 ||| FLEEEEING.
  6906 | D:9      | 6906 ||| FLEEEEING.
  6909 | D:9      | 6909 ||| FLEEEEING.
  6910 | D:9      | 6910 ||| FLEEEEING.
  6911 | D:9      | 6911 ||| FLEEEEING.
  6912 | D:9      | 6912 ||| FLEEEEING.
  6913 | D:9      | 6913 ||| FLEEEEING.
  7347 | D:10     | Entered Level 10 of the Dungeon
  7435 | D:10     | Noticed a moth of wrath
  7440 | D:10     | Found a transporter.
  7445 | D:10     | Found a transporter.
  7445 | D:10     | Noticed a tengu warrior
  7446 | D:10     | Found a bloodstained altar of Trog.
  7446 | D:10     | Noticed qw's ghost (journeyman DEHu)
  7446 | D:10     | Noticed a two-headed ogre
  7482 | D:10     | Identified the +1 leather armour "Numiusko" {Rampage Regen+
                  | MP-9 Str+3}
  7496 | D:10     | Reached skill level 18 in Ranged Weapons
  7500 | D:10     | Reached XP level 11. HP: 58/64 MP: 16/16
  7524 | D:10     | Found an ancient bone altar of Kikubaaqudgha.
  7527 | D:10     | Found a glowing golden altar of the Shining One.
  7649 | D:10     | Noticed a two-headed ogre
  7727 | D:10     | Found a large runed translucent door.
  7727 | D:10     | Found a large runed translucent door.
  7978 | D:10     | 7978 ||| DROPPING ring of flight.
  7979 | D:10     | 7979 ||| READING scroll labelled ROOSCH BAEDGHAONK.
  7980 | D:10     | 7980 ||| READING 7 scrolls of identify.
  7980 | D:10     | 7980 ||| IDENTIFYING viscous red potion
  7981 | D:10     | 7981 ||| READING 6 scrolls of identify.
  7981 | D:10     | 7981 ||| IDENTIFYING silvery potion
  7982 | D:10     | 7982 ||| DROPPING potion of invisibility.
  7983 | D:10     | 7983 ||| DROPPING potion of ambrosia.
  8034 | D:11     | Found a staircase to the Lair.
  8045 | D:11     | Reached **** piety under Okawaru
  8046 | D:11     | 8046 ||| INVOKING Heroism.
  8051 | D:11     | 8051 ||| Stepping randomly (disturbance).
  8106 | D:11     | Noticed a two-headed ogre
  8107 | D:11     | 8107 ||| INVOKING Heroism.
  8112 | D:11     | Killed a two-headed ogre
  8112 | D:11     | Noticed Urug
  8112 | D:11     | Noticed a two-headed ogre
  8113 | D:11     | Reached skill level 19 in Ranged Weapons
  8120 | D:11     | Killed Urug
  8122 | D:11     | Killed a two-headed ogre
  8144 | D:11     | Reached ***** piety under Okawaru
  8145 | D:11     | 8145 ||| Stepping ~*~*~tactically~*~*~ (outnumbered).
  8321 | D:11     | 8321 ||| INVOKING Heroism.
  8325 | D:11     | Reached skill level 6 in Invocations
  8385 | D:11     | Found Reov's Jewellery Emporium.
  8394 | D:11     | 8394 ||| SHOPLISTING +4 ring of protection (468 gold, have
                  | 234).
  8394 | D:11     | 8394 ||| SHOPLISTING +5 ring of evasion (468 gold, have
                  | 234).
  8394 | D:11     | 8394 ||| SHOPLISTING +6 ring of dexterity (468 gold, have
                  | 234).
  8394 | D:11     | 8394 ||| SHOPLISTING +6 ring of strength (468 gold, have
                  | 234).
  8457 | D:11     | 8457 ||| INVOKING Heroism.
  8477 | D:11     | 8477 ||| Stepping ~*~*~tactically~*~*~ (outnumbered).
  8504 | D:11     | 8504 ||| INVOKING Heroism.
  8537 | D:11     | 8537 ||| INVOKING Heroism.
  8571 | D:11     | 8571 ||| INVOKING Heroism.
  8628 | D:11     | Reached skill level 20 in Ranged Weapons
  8810 | D:11     | 8810 ||| PLANNING LAIR
  8878 | Lair:1   | Entered Level 1 of the Lair of Beasts
  8891 | Lair:1   | 8891 ||| INVOKING Heroism.
  8936 | Lair:1   | 8936 ||| INVOKING Heroism.
  9048 | Lair:1   | Reached skill level 6 in Fighting
  9061 | Lair:1   | 9061 ||| INVOKING Heroism.
  9087 | Lair:1   | 9087 ||| Stepping ~*~*~tactically~*~*~ (outnumbered).
  9089 | Lair:1   | 9089 ||| Stepping ~*~*~tactically~*~*~ (outnumbered).
  9091 | Lair:1   | 9091 ||| Stepping ~*~*~tactically~*~*~ (outnumbered).
  9093 | Lair:1   | 9093 ||| Stepping ~*~*~tactically~*~*~ (outnumbered).
  9095 | Lair:1   | 9095 ||| Stepping ~*~*~tactically~*~*~ (outnumbered).
  9097 | Lair:1   | 9097 ||| Stepping ~*~*~tactically~*~*~ (outnumbered).
  9100 | Lair:1   | 9100 ||| Stepping ~*~*~tactically~*~*~ (outnumbered).
  9104 | Lair:1   | 9104 ||| INVOKING Heroism.
  9109 | Lair:1   | Reached XP level 12. HP: 67/70 MP: 16/19
  9134 | Lair:1   | Received a gift from Okawaru
  9210 | Lair:1   | 9210 ||| INVOKING Heroism.
  9258 | Lair:1   | 9258 ||| INVOKING Heroism.
  9849 | Lair:2   | Reached skill level 9 in Invocations
  9862 | Lair:2   | Noticed a death yak
  9862 | Lair:2   | Noticed a death yak
  9863 | Lair:2   | 9863 ||| INVOKING Heroism.
  9863 | Lair:2   | Noticed a death yak
  9864 | Lair:2   | 9864 ||| INVOKING Finesse.
  9864 | Lair:2   | Noticed a death yak
  9867 | Lair:2   | Noticed a six-headed hydra
  9880 | Lair:2   | Killed a death yak
  9880 | Lair:2   | Received a gift from Okawaru
  9881 | Lair:2   | Reached skill level 9 in Dodging
  9882 | Lair:2   | Killed a death yak
  9887 | Lair:2   | Killed a death yak
  9895 | Lair:2   | Killed a death yak
  9896 | Lair:2   | Killed a six-headed hydra
 10002 | Lair:2   | Found a staircase to the Snake Pit.
 10006 | Lair:2   | 10006 ||| INVOKING Heroism.
 10007 | Lair:2   | 10007 ||| Stepping ~*~*~tactically~*~*~ (outnumbered).
 10018 | Lair:2   | Identified the +0 chain mail of Plasticity {Str+2 Int+4}
                  | (Okawaru gifted it to you on level 2 of the Lair of Beasts)
 10018 | Lair:2   | Received a gift from Okawaru
 10117 | Lair:2   | 10117 ||| INVOKING Heroism.
 10225 | Lair:2   | 10225 ||| READING scroll of enchant weapon.
 10225 | Lair:2   | 10225 ||| ENCHANTING +2 longbow of electrocution.
 10294 | Lair:2   | Noticed a boulder beetle
 10295 | Lair:2   | 10295 ||| INVOKING Heroism.
 10297 | Lair:2   | 10297 ||| INVOKING Finesse.
 10309 | Lair:2   | Killed a boulder beetle
 10626 | Lair:3   | 10626 ||| INVOKING Heroism.
 10631 | Lair:3   | Reached XP level 13. HP: 76/78 MP: 19/22
 10714 | Lair:3   | 10714 ||| INVOKING Heroism.
 10768 | Lair:3   | Received a gift from Okawaru
 10883 | Lair:3   | 10883 ||| INVOKING Heroism.
 10888 | Lair:3   | Reached skill level 9 in Fighting
 10971 | Lair:3   | Found a staircase to the Swamp.
 10982 | Lair:3   | 10982 ||| INVOKING Heroism.
 11020 | Lair:3   | 11020 ||| INVOKING Heroism.
 11210 | Lair:3   | Noticed Rupert
 11211 | Lair:3   | 11211 ||| INVOKING Heroism.
 11212 | Lair:3   | 11212 ||| INVOKING Finesse.
 11217 | Lair:3   | 11217 ||| DRINKING 5 potions of curing.
 11217 | Lair:3   | 11217 ||| (to cure confusion)
 11219 | Lair:3   | Paralysed by Rupert for 4 turns
 11224 | Lair:3   | 11224 ||| DRINKING 4 potions of curing.
 11224 | Lair:3   | 11224 ||| (to cure confusion)
 11229 | Lair:3   | Killed Rupert
 11248 | Lair:3   | 11248 ||| INVOKING Heroism.
 11304 | Lair:3   | You fall into a shaft and drop 2 floors!
 11304 | Lair:5   | Entered Level 5 of the Lair of Beasts
 11324 | Lair:5   | 11324 ||| UPGRADING to +1 cloak of stealth.
 11336 | Lair:5   | 11336 ||| INVOKING Heroism.
 11490 | Lair:4   | Reached skill level 6 in Armour
 11514 | Lair:4   | 11514 ||| DROPPING amulet of magic regeneration.
 11515 | Lair:4   | 11515 ||| READING scroll labelled MEUGA ILARONNY.
 11516 | Lair:4   | 11516 ||| READING 7 scrolls of identify.
 11516 | Lair:4   | 11516 ||| IDENTIFYING murky golden potion
 11581 | Lair:3   | 11581 ||| INVOKING Heroism.
 11589 | Lair:3   | Reached skill level 12 in Dodging
 11609 | Lair:3   | 11609 ||| FLEEEEING.
 11610 | Lair:3   | 11610 ||| FLEEEEING.
 11611 | Lair:3   | 11611 ||| FLEEEEING.
 11612 | Lair:3   | 11612 ||| FLEEEEING.
 11613 | Lair:3   | 11613 ||| FLEEEEING.
 11688 | Lair:3   | 11688 ||| INVOKING Heroism.
 11689 | Lair:3   | 11689 ||| INVOKING Finesse.
 11754 | Lair:3   | 11754 ||| INVOKING Heroism.
 11959 | Lair:3   | 11959 ||| UPGRADING to +1 hat of willpower.
 12230 | Lair:4   | 12230 ||| INVOKING Heroism.
 12268 | Lair:4   | 12268 ||| INVOKING Heroism.
 12348 | Lair:4   | 12348 ||| INVOKING Heroism.
 12372 | Lair:4   | 12372 ||| INVOKING Heroism.
 12385 | Lair:4   | Reached XP level 14. HP: 78/88 MP: 23/23
 12718 | Lair:4   | 12718 ||| UPGRADING to +6 ring of strength.
 12719 | Lair:4   | 12719 ||| READING scroll labelled MUYROA GUTWYSCHOI.
 12720 | Lair:4   | 12720 ||| READING 7 scrolls of identify.
 12720 | Lair:4   | 12720 ||| IDENTIFYING clear potion
 12805 | Lair:5   | 12805 ||| FLEEEEING.
 12806 | Lair:5   | 12806 ||| FLEEEEING.
 12807 | Lair:5   | 12807 ||| FLEEEEING.
 12808 | Lair:5   | 12808 ||| FLEEEEING.
 12812 | Lair:5   | 12812 ||| INVOKING Heroism.
 12844 | Lair:5   | HP: 17/88 [blink frog (9)]
 12845 | Lair:5   | 12845 ||| READING 7 scrolls of teleportation.
 12846 | Lair:5   | 12846 ||| DRINKING 4 potions of heal wounds.
 13037 | Lair:5   | Reached ****** piety under Okawaru
 13062 | Lair:5   | Received a gift from Okawaru
 13065 | Lair:5   | 13065 ||| Stepping ~*~*~tactically~*~*~ (cloud).
 13067 | Lair:5   | 13067 ||| FLEEEEING.
 13075 | Lair:5   | 13075 ||| INVOKING Heroism.
 13142 | Lair:5   | 13142 ||| DROPPING +1 heavy longbow.
 13273 | Lair:5   | 13273 ||| INVOKING Heroism.
 13277 | Lair:5   | 13277 ||| Stepping ~*~*~tactically~*~*~ (outnumbered).
 13326 | Lair:5   | Found a corrupted altar of Lugonu.
 13326 | Lair:5   | Found a one-way gate to the infinite horrors of the Abyss.
 13531 | Lair:5   | 13531 ||| INVOKING Heroism.
 13604 | Lair:5   | 13604 ||| FLEEEEING.
 13605 | Lair:5   | 13605 ||| FLEEEEING.
 13606 | Lair:5   | 13606 ||| FLEEEEING.
 13607 | Lair:5   | 13607 ||| FLEEEEING.
 13608 | Lair:5   | 13608 ||| FLEEEEING.
 13609 | Lair:5   | 13609 ||| FLEEEEING.
 13610 | Lair:5   | 13610 ||| STAIRDANCE
 13612 | Lair:4   | 13612 ||| UPGRADING to +4 ring of protection.
 13614 | Lair:4   | 13614 ||| DROPPING ring of resist corrosion.
 13615 | Lair:4   | 13615 ||| READING scroll labelled XUVUEHE WYNORI.
 13618 | Lair:5   | 13618 ||| STAIRDANCE
 13620 | Lair:4   | 13620 ||| INVOKING Heroism.
 13779 | Lair:5   | Found a runed translucent door.
 13782 | Lair:5   | Found a viscous altar of Jiyva.
 13783 | Lair:5   | Found a staircase to the Slime Pits.
 13783 | Lair:5   | Noticed an azure jelly
 13917 | Lair:5   | 13917 ||| PLANNING D
 14232 | D:12     | Received a gift from Okawaru
 14248 | D:12     | Found a staircase to the Orcish Mines.
 14426 | D:12     | 14426 ||| INVOKING Heroism.
 14427 | D:12     | 14427 ||| INVOKING Finesse.
 14479 | D:12     | 14479 ||| READING scroll of enchant weapon.
 14479 | D:12     | 14479 ||| ENCHANTING +3 longbow of electrocution.
 14499 | D:12     | Reached skill level 15 in Dodging
 14660 | D:12     | 14660 ||| Stepping ~*~*~tactically~*~*~ (outnumbered).
 14672 | D:12     | 14672 ||| INVOKING Heroism.
 14794 | D:12     | 14794 ||| DROPPING scarf of shadows.
 14910 | D:13     | 14910 ||| FLEEEEING.
 14911 | D:13     | 14911 ||| FLEEEEING.
 14912 | D:13     | 14912 ||| FLEEEEING.
 14974 | D:13     | 14974 ||| INVOKING Heroism.
 15034 | D:13     | 15034 ||| INVOKING Heroism.
 15198 | D:13     | Found a frozen archway.
 15199 | D:13     | 15199 ||| Stepping ~*~*~tactically~*~*~ (outnumbered).
 15201 | D:13     | 15201 ||| Stepping ~*~*~tactically~*~*~ (outnumbered).
 15453 | D:13     | Reached XP level 15. HP: 94/94 MP: 24/24
 15478 | D:13     | Found a gate to the Vaults.
 15486 | D:13     | Identified the +10 arbalest of the Past {elec, Dex+2}
                  | (Okawaru gifted it to you on level 13 of the Dungeon)
 15486 | D:13     | Received a gift from Okawaru
 15496 | D:13     | 15496 ||| INVOKING Heroism.
 15684 | D:13     | 15684 ||| UPGRADING to ring of see invisible.
 15686 | D:13     | 15686 ||| READING 11 scrolls of identify.
 15686 | D:13     | 15686 ||| IDENTIFYING amethyst potion
 15738 | D:14     | 15738 ||| INVOKING Heroism.
 16051 | D:14     | Identified Roxanne's Volume of Evolution
 16051 | D:14     | Noticed Roxanne
 16052 | D:14     | 16052 ||| INVOKING Heroism.
 16053 | D:14     | 16053 ||| INVOKING Finesse.
 16078 | D:14     | Killed from afar by Roxanne

Levels and vault maps discovered:
D:1:      dpeg_arrival_arbitrary_c, layout_loops_ring,
          ebering_ecumenical_altar_box, serial_shops,
          nicolae_shop_tiny_real_fake_doors
D:2:      layout_loops_ring
D:3:      layout_basic, mainiacjoe_overflow_concentric_impassable,
          serial_park_tiny_2, uniq_terence
D:4:      layout_cave_pools, mainiacjoe_overflow_catwalk_spiral
D:5:      black_bear_nest_1, layout_basic, nicolae_ossuary_entry_monument,
          bh_walls_and_bars, uniq_duvessa
D:6:      corexii_shack_village, layout_loops_cross, elyvilon_altar_4,
          minmay_temple_entry_statues_fountains, uniq_pikel, uniq_maggie,
          uniq_eustachio
D:7:      layout_loops_ring, nicolae_uskayaw_suspiria, serial_shops, shop,
          kennysheep_mini, minmay_quadrilaterals, uniq_menkaure
D:8:      layout_basic, mainiacjoe_overflow_six_doors_small
D:9:      layout_small_grid
D:10:     okawaru_arena_lexackson, layout_basic, nicolae_overflow_squiral,
          gammafunk_ghost_wrathful_warriors
D:11:     kennysheep_seaside_town, layout_rooms, david_lair_generic,
          minmay_shop_enchanted_jewellery, uniq_urug
D:12:     layout_loops_ring, minmay_orc_entry_temple_small
D:13:     layout_long_grid, grunt_vaults_entry_tiered, portal_ice_cave_rime
D:14:     layout_loops_ring, uniq_roxanne
Temple:   eino_temple_lava
Lair:1:   layout_loops_ring, ldierk_geyser, serial_bayou_lagoon_a,
          grunt_megastairs_5
Lair:2:   layout_chaotic_city, minmay_snake_entry_guardpost_small,
          nzn_sisyphean_effort
Lair:3:   layout_regular_city, swamp_mist, nicolae_lair_lakeside_cave,
          serial_bayou_shore_b, uniq_rupert
Lair:4:   layout_cave_pods, grunt_forest_stairs_clearing
Lair:5:   hellmonk_lair_end_abyssal_woods, layout_hall_layers, slime_entry_2,
          lemuel_fruit_fields, serial_bayou_shore_a, serial_bayou_shore_b

Skill      XL: |  1  2  3  4  5  6  7  8  9 10 11 12 13 14 15 |
---------------+----------------------------------------------+-----
Ranged Weapons | 6 7 8 9 10 12 14 18 20 | 20.0
Armour         | 1 2 3 4 6 8 |  8.0
Fighting       | 2 3 4 5 6 8 10 11 | 11.5
Dodging        | 3 4 7 10 12 15 16 | 16.1
Invocations    | 3 4 7 10 | 10.0
Stealth        | |  1.2

Action                     |  1- 3 |  4- 6 |  7- 9 | 10-12 | 13-15 || total
---------------------------+-------+-------+-------+-------+-------++-------
   Fire: Shortbow          |    70 |   139 |   402 |       |       ||   611
         Longbow           |       |       |    24 |   523 |   862 ||  1409
 Invoke: Heroism           |       |       |     3 |    23 |    26 ||    52
         Finesse           |       |       |       |     2 |     4 ||     6
    Use: Scroll            |     2 |     9 |     7 |     5 |     8 ||    31
         Potion            |     1 |     2 |     5 |       |     3 ||    11
 Armour: Leather armour    |     1 |     1 |       |       |       ||     2
         Scale mail        |       |    19 |   112 |   136 |   206 ||   473
  Dodge: Dodged            |    10 |    16 |    98 |   173 |   472 ||   769

Table legend:
 A = Non-vault XP
 B = Vault XP
 C = Vault XP percentage of total XP
 D = Non-vault monster count
 E = Vault monster count
 F = Vault count percentage of total count
                 A         B        C        D         E       F
            +---------+---------+-------+---------+---------+-------
      Total |   75643 |   37120 |  32.9 |     424 |     221 |  34.3
            +---------+---------+-------+---------+---------+-------
        D:1 |      47 |       0 |   0.0 |      28 |       0 |   0.0
        D:2 |      79 |       0 |   0.0 |      10 |       0 |   0.0
        D:3 |      26 |      36 |  58.1 |       9 |       1 |  10.0
        D:4 |     301 |       0 |   0.0 |      26 |       0 |   0.0
        D:5 |     410 |     340 |  45.3 |      19 |       3 |  13.6
        D:6 |    1022 |    1251 |  55.0 |      30 |      17 |  36.2
        D:7 |     911 |    1187 |  56.6 |      15 |      10 |  40.0
        D:8 |    2036 |       0 |   0.0 |      27 |       0 |   0.0
        D:9 |    3018 |       0 |   0.0 |      30 |       0 |   0.0
       D:10 |     938 |       0 |   0.0 |       6 |       0 |   0.0
       D:11 |    4747 |    2823 |  37.3 |      18 |      31 |  63.3
       D:12 |    5129 |     298 |   5.5 |      16 |       9 |  36.0
       D:13 |    6054 |    8037 |  57.0 |      20 |      27 |  57.4
       D:14 |    5961 |       0 |   0.0 |      15 |       0 |   0.0
     Lair:1 |    5559 |     554 |   9.1 |      19 |       2 |   9.5
     Lair:2 |   10742 |    1339 |  11.1 |      31 |       4 |  11.4
     Lair:3 |    8767 |   10329 |  54.1 |      29 |      25 |  46.3
     Lair:4 |    5586 |    1006 |  15.3 |      25 |       6 |  19.4
     Lair:5 |   14310 |    9842 |  40.8 |      51 |      36 |  41.4
    Ossuary |       0 |      78 | 100.0 |       0 |      50 | 100.0
            +---------+---------+-------+---------+---------+-------
